 Dungeon Crawl Stone Soup version 0.29.1-1-gd02db6906a (webtiles) character file.

Game seed: 126065151784599777

25 MisterFreud the Twirler (level 3, 0/27 HPs)
             Began as a Formicid Gladiator on Oct 7, 2022.
             Slain by Terence
             ... wielding a +0 falchion
              (2 damage)
             ... on level 2 of the Dungeon.
             The game lasted 00:01:07 (894 turns).

MisterFreud the Twirler (Formicid Gladiator)         Turns: 894, Time: 00:01:08

Health: 0/27       AC:  4    Str: 18    XL:     3   Next: 20%
Magic:  3/3        EV: 12    Int:  7    God:
Gold:   48         SH:  4    Dex: 17    Spells: 2/2 levels left

rFire   . . .      SeeInvis +   a - +1 quarterstaff
rCold   . . .      Faith    .   m - +0 buckler
rNeg    . . .      Spirit   .   b - +0 leather armour
rPois   .          Reflect  .   (helmet unavailable)
rElec   .          Harm     .   j - +0 cloak
rCorr   .          Rampage  .   (no gloves)
Will    .....                   (no boots)
Stlth   +.........              (no amulet)
HPRegen 0.09/turn               (no ring)
MPRegen 0.08/turn               (no ring)

@: mighty, brilliant
A: permanent stasis, dig shafts and tunnels, antennae 3, four strong arms
a: Dig, Shaft Self


You were on level 2 of the Dungeon.
You visited 1 branch of the dungeon, and saw 2 of its levels.

You collected 48 gold pieces.

Inventory:

Hand Weapons
 a - a +1 quarterstaff (weapon)
Missiles
 c - 3 throwing nets (quivered)
 d - a javelin
Armour
 b - a +0 leather armour (worn)
 j - a +0 cloak (worn)
 m - a +0 buckler (worn)
Scrolls
 g - 2 scrolls of enchant weapon
Potions
 h - a potion of curing {unknown}
 i - a potion of attraction {unknown}
 l - a potion of lignification {unknown}


   Skills:
 - Level 2.1 Fighting
 + Level 3.8 Staves
 - Level 2.0 Throwing
 - Level 2.6 Dodging
 + Level 1.6 Shields


You had 2 spell levels left.
You didn't know any spells.
Your spell library was empty.

Dungeon Overview and Level Annotations

Branches:
Dungeon (2/15)

Altars:

Annotations:
D:2 Terence


Innate Abilities, Weirdness & Mutations

You cannot be hasted, slowed, berserked, paralysed or teleported.
You can dig through walls and to a lower floor.
You have a pair of large antennae on your head. (SInv)
Your four strong arms can wield two-handed weapons with a shield.


Message History

Terence attacks as you move away! Terence closely misses you.
The rat attacks as you move away! The rat bites you but does no damage.
The giant cockroach attacks as you move away!
The giant cockroach bites you.
The giant cockroach attacks as you move away!
The giant cockroach barely misses you. Terence attacks as you move away!
Terence hits you with a +0 falchion.
The giant cockroach attacks as you move away!
The giant cockroach bites you but does no damage.
The giant cockroach barely misses you.
Things that are here:
a jackal corpse; a jackal corpse; a jackal corpse The giant cockroach attacks as you move away!
The giant cockroach bites you.
The giant cockroach bites you but does no damage.
You thump the giant cockroach!
You kill the giant cockroach!
The rat closely misses you.
You see here a giant cockroach corpse.
You sock the rat!
You kill the rat!
Terence hits you with a +0 falchion.
You thump Terence!
Terence is moderately wounded.
Terence hits you with a +0 falchion.
* * * LOW HITPOINT WARNING * * *
You hit Terence.
Terence is heavily wounded.
Terence misses you.
You closely miss Terence.
Terence is heavily wounded.
Terence hits you with a +0 falchion.
* * * LOW HITPOINT WARNING * * *
It was a potion of brilliance.
You feel clever all of a sudden. Terence closely misses you.
It was a potion of might.
You feel very mighty all of a sudden. Terence hits you with a +0 falchion.
You die...

#### ###...### #...#...#
.#...#....# ...8...8..# .. #..
#....# #######
#.###.###†#.#######.....#########
..#...#.....†K@@................
...8...8.########.....######.##
#...#...# #.....# ##..# #.
##.###.## #.....# #..♣.
...#...#...# #.....# ##....
.8...8.K.8.# #.....# #.♣...
...........# #.....# #.....
..........## ####### #....>.
......$...# #......


You could see Terence and a kobold.

Vanquished Creatures
  A bat (D:1)
  4 endoplasms
  3 giant cockroaches
  A goblin (D:1)
  2 hobgoblins (D:1)
  4 jackals (D:2)
  A kobold (D:2)
  A quokka (D:2)
  2 ball pythons
  A rat (D:2)
20 creatures vanquished.

Notes
Turn   | Place    | Note
-------+----------+-------------------------------------------
     0 | D:1      | MisterFreud the Formicid Gladiator began the quest for the
                  | Orb.
     0 | D:1      | Reached XP level 1. HP: 16/16 MP: 1/1
   163 | D:1      | Reached XP level 2. HP: 22/22 MP: 2/2
   167 | D:1      | Found a faded altar of an unknown god.
   708 | D:2      | Reached skill level 1 in Shields
   798 | D:2      | Reached XP level 3. HP: 20/27 MP: 3/3
   870 | D:2      | Noticed Terence
   894 | D:2      | Slain by Terence

Illustrated notes

Levels and vault maps discovered:
D:1:      dpeg_arrival_stone_temple_mockup, layout_rooms,
          hellmonk_ecumenical_altar_heavens_door, minmay_misc_feat_plants
D:2:      layout_basic, minmay_misc_feat_four_crosses, grunt_ministairs_2,
          uniq_terence, uniq_crazy_yiuf_cottage

Skill      XL: |  1  2 |
---------------+-------+-----
Shields        | 1 |  1.6
Fighting       | |  2.1
Staves         | |  3.8
Throwing       | |  2.0
Dodging        | |  2.6

Action                   || total
-------------------------++-------
Melee: Quarterstaff      ||    47
  Use: Scroll            ||     3
       Potion            ||     2
Armor: Leather armour    ||    13
Dodge: Dodged            ||    27
Block: Buckler           ||     4
